 Dungeon Crawl Stone Soup version 0.30-a0-860-g512cf1e979 (webtiles) character file.

Game seed: 11742106971799754750

387 Ijustatesigmund the Magician (level 6, 0/32 HPs)
             Began as a Deep Elf Conjurer on Mar 7, 2023.
             Killed from afar by Natasha (5 damage)
             ... with a magic dart
             ... on level 3 of the Dungeon.
             The game lasted 00:05:16 (2638 turns).

Ijustatesigmund the Magician (Deep Elf Conjurer)    Turns: 2638, Time: 00:05:17

Health: 0/32       AC:  6    Str:  4    XL:     6   Next: 49%
Magic:  17/17      EV: 12    Int: 31    God:
Gold:   257        SH:  0    Dex: 16    Spells: 11/18 levels left

rFire   . . .      SeeInvis .    u - +8 whip of the Hummingbird {flame, rPois rC+ Dex+3}
rCold   + . .      Faith    .    (no shield)
rNeg    . . .      Spirit   .    a - +0 robe
rPois   +          Reflect  .    (no helmet)
rElec   .          Rampage  .    o - +0 cloak
rCorr   .                        v - +2 pair of gloves
Will    .....                    (no boots)
Stlth   ++                       g - amulet of regeneration
HPRegen 1.05/turn                n - +6 ring of intelligence
MPRegen 0.15/turn                (no ring)

@: mighty, hasted and slowed
A: no striking features
a: no special abilities


You were on level 3 of the Dungeon.
You visited 1 branch of the dungeon, and saw 3 of its levels.

You collected 257 gold pieces.

Inventory:

Hand Weapons
 c - a +1 dagger of speed
 i - a +0 sling
 u - the +8 whip of the Hummingbird (weapon) {flame, rPois rC+ Dex+3}
   (You found it on level 3 of the Dungeon)

   Dex:       It affects your dexterity (+3).
   rC:        It protects you from cold.
   rPois:     It protects you from poison.
Armour
 a - a +0 robe (worn)
 o - a +0 cloak (worn)
 v - a +2 pair of gloves (worn)
Jewellery
 g - an amulet of regeneration (around neck)
 n - a +6 ring of intelligence (left hand)
Scrolls
 d - a scroll of acquirement {unknown}
 k - a scroll of teleportation {unknown}
 m - a scroll of blinking {unknown}
 q - a scroll of poison {unknown}
 r - 2 scrolls of identify {unknown}
 s - a scroll of enchant weapon {unknown}
 t - a scroll of noise {unknown}
Potions
 b - a potion of magic
 e - a potion of haste
 f - a potion of mutation {unknown}
 h - a potion of might
 j - a potion of heal wounds {unknown}
 l - 2 potions of curing
 p - a potion of degeneration {unknown}


   Skills:
 - Level 2.4 Dodging
 - Level 2.4 Stealth
 + Level 6.9 Spellcasting
 - Level 5.3 Conjurations
 + Level 3.9 Translocations


You had 11 spell levels left.
You knew the following spells:

 Your Spells              Type           Power      Damage    Failure   Level
a - Magic Dart            Conj           100%       1d8       1%          1
b - Searing Ray           Conj           86%        2d7       1%          2
c - Iskenderun's Mystic   Conj/Tloc      39%        2d9       7%          4

Your spell library contained the following spells:

 Spells                   Type           Power      Damage    Failure   Level
 Kiss of Death            Conj/Necr      100%       2d13      1%          1
 Dazzling Flash           Conj/Hex       54%        N/A       4%          3
 Confusing Touch          Hex            10%        N/A       14%         3
 Fulminant Prism          Conj/Hex       13%        3d9       16%         4
 Dispel Undead            Necr           10%        3d9       41%         4


Dungeon Overview and Level Annotations

Branches:
Dungeon (3/15)

Altars:
Ashenzari

Shops:
D:3 :

Annotations:
D:3 Natasha


Message History

Natasha barely misses you. Natasha attacks as you move away! Natasha claws you.
The shadow imp attacks as you move away!
The shadow imp barely misses you.
The orc wizard points at you and mumbles some strange words.
The magic dart hits you. Natasha claws you.
It was a potion of might.
You feel very mighty all of a sudden. The shadow imp hits you.
The orc wizard barely misses you. Natasha casts a spell at you.
You feel as though you will be slow longer.
The shadow imp hits you but does no damage.
You bump into the rock wall.
The orc wizard misses you. Natasha claws you but does no damage.
The shadow imp hits you but does no damage.
The orc wizard points at you and mumbles some strange words.
The magic dart hits you. Natasha misses you.
You barely miss the shadow imp.
You feel less confused.
The shadow imp hits you but does no damage.
The orc wizard gestures at you while chanting.
You are confused.
Natasha claws you. The shadow imp misses you.
It was a potion of haste.
You feel yourself speed up.
The orc wizard points at you and mumbles some strange words.
You are more confused.
Natasha claws you.
The shadow imp hits you but does no damage.
The orc wizard points at you and mumbles some strange words.
The puff of flame hits you!
* * * LOW HITPOINT WARNING * * *
Natasha barely misses you.
It was a potion of curing.
You feel better. The shadow imp hits you.
* * * LOW HITPOINT WARNING * * *
The orc wizard casts a spell at you. The puff of flame hits you.
* * * LOW HITPOINT WARNING * * *
Natasha casts a spell at you. The magic dart hits you.
You die...

.#.###.## #.#
#.)##...#####.#
..†......SB.S.# ##
$####...####### #.
##.#### #. #.... #. ♣
#..# ##.
♣.#####..#####(####..
#...@o...............
#.##h5)#.#####.####..
#...# # ##. #...# #.
## #...# ##. .. #...#
#.. #>###...# #.†
#....∩..# #..
....#.....# #..


You could see an orc wizard, Natasha and a shadow imp (summoned).

Vanquished Creatures
  Grinder (D:3)
  An orc priest (D:3)
  Natasha (twice) (D:3)
  3 adders
  A gnoll (D:3)
  2 worms (D:2)
  A dart slug (D:1)
  An orc (D:3)
  5 bats
  3 endoplasms
  3 giant cockroaches
  6 goblins
  2 hobgoblins
  8 jackals
  6 kobolds
  A quokka (D:3)
  3 ball pythons
  2 frilled lizards (D:2)
  A rat (D:2)
52 creatures vanquished.

Notes
Turn   | Place    | Note
-------+----------+-------------------------------------------
     0 | D:1      | Ijustatesigmund the Deep Elf Conjurer began the quest for
                  | the Orb.
     0 | D:1      | Reached XP level 1. HP: 10/10 MP: 6/6
   193 | D:1      | Reached XP level 2. HP: 5/15 MP: 1/8
   217 | D:1      | Learned a level 2 spell: Searing Ray
   626 | D:1      | Reached skill level 4 in Spellcasting
   882 | D:2      | Reached skill level 5 in Conjurations
   882 | D:2      | Reached XP level 3. HP: 19/19 MP: 4/10
  1853 | D:2      | Reached XP level 4. HP: 24/24 MP: 7/12
  1858 | D:2      | Learned a level 4 spell: Iskenderun's Mystic Blast
  1998 | D:3      | Noticed Grinder
  2012 | D:3      | Killed Grinder
  2013 | D:3      | Reached skill level 6 in Spellcasting
  2013 | D:3      | Reached XP level 5. HP: 24/28 MP: 2/15
  2013 | D:3      | Reached XP level 6. HP: 27/32 MP: 2/17
  2156 | D:3      | Noticed Natasha
  2161 | D:3      | Killed Natasha
  2295 | D:3      | Noticed Natasha
  2299 | D:3      | Killed Natasha
  2511 | D:3      | Found a broken altar of Ashenzari.
  2513 | D:3      | Identified the +8 whip of the Hummingbird {flame, rPois rC+
                  | Dex+3}
  2603 | D:3      | Found Dathusov's Book Shoppe.
  2622 | D:3      | Noticed Natasha
  2638 | D:3      | Killed from afar by Natasha

Illustrated notes

Levels and vault maps discovered:
D:1:      dpeg_arrival_stonehenge_8_columns, layout_basic
D:2:      minmay_chambers_of_ones, layout_basic
D:3:      layout_loops_ring, mainiacjoe_overflow_alcove_1, serial_shops, shop,
          serial_forest, infiniplex_forest_end_double,
          infiniplex_forest_clump_diagonal, infiniplex_forest_corner_1,
          infiniplex_forest_straight_1, uniq_grinder, uniq_natasha

Skill      XL: |  1  2  3  4 |
---------------+-------------+-----
Spellcasting   | 4 6 |  6.9
Conjurations   | 5 |  5.3
Translocations | 3 |  3.9
Dodging        | |  2.4
Stealth        | |  2.4

Action                     |  1- 3 |  4- 6 || total
---------------------------+-------+-------++-------
  Melee: Dagger            |     9 |       ||     9
         Whip              |       |     8 ||     8
   Cast: Magic Dart        |    76 |    34 ||   110
         Searing Ray       |     1 |     3 ||     4
    Use: Potion            |       |     3 ||     3
 Armour: Robe              |       |     8 ||     8
  Dodge: Dodged            |     7 |    16 ||    23

Table legend: (Time is in decaauts)
 A = Elapsed time spent in this place.
 B = Non-inter-level travel time spent in this place.
 C = Inter-level travel time spent in this place.
 D = Time resting spent in this place.
 E = Time spent auto-exploring this place.
 F = Levels seen in this place.
 G = Mean time per level.
                   A        B        C        D        E       F      G
               +--------+--------+--------+--------+--------+-----+--------+
         Total |   2636 |   2569 |     67 |    569 |   1659 |   3 |  878.7 |
       Dungeon |   2636 |   2569 |     67 |    569 |   1659 |   3 |  878.7 |
               +--------+--------+--------+--------+--------+-----+--------+

Top non-repeatable levels by time:
     D:2: 1091 daAuts
     D:1: 872 daAuts
     D:3: 673 daAuts
